 Dungeon Crawl Stone Soup version 0.28-a0-2-g643f2454ad (webtiles) character file.

Game seed: 10051074709421185872

64 Sin92 the Skirmisher (level 3, -2/29 HPs)
             Began as a Demonspawn Fighter on July 22, 2021.
             Succumbed to an orc wizard's poison
             ... on level 3 of the Dungeon.
             The game lasted 00:03:39 (1839 turns).

Sin92 the Skirmisher (Demonspawn Fighter)           Turns: 1839, Time: 00:03:40

Health: -2/29      AC:  4    Str: 13 (16) XL:     3   Next: 91%
Magic:  3/3        EV:  6    Int:  7 (9)  God:
Gold:   137        SH: 18    Dex: 11 (13) Spells: 2/2 levels left

rFire   . . .      SeeInvis +   a - +0 long sword
rCold   . . .      Faith    .   c - +1 kite shield
rNeg    . . .      Spirit   .   b - +0 scale mail
rPois   .          Reflect  +   (no helmet)
rElec   .          Harm     .   (no cloak)
rCorr   .          Rampage  .   (no gloves)
Will    .....                   (no boots)
Stlth   +.........              l - amulet of reflection
HPRegen 0.09/turn               (no ring)
MPRegen 0.08/turn               (no ring)

@: lethally poisoned (-2 -> -16)
A: sharp scales 1, condensation shield, camouflage 1, see invisible, deformed
body, high mp 1
a: no special abilities


You were on level 3 of the Dungeon.
You visited 1 branch of the dungeon, and saw 3 of its levels.

You collected 137 gold pieces.

Inventory:

Hand Weapons
 a - a +0 long sword (weapon)
Armour
 b - a +0 scale mail (worn)
 c - a +1 kite shield (worn)
Jewellery
 g - a ring of wizardry
 l - an amulet of reflection (around neck)
Scrolls
 i - a scroll of magic mapping {unknown}
 j - a scroll of fear {unknown}
 k - 2 scrolls of immolation {unknown}
Potions
 d - 2 potions of might
 f - a potion of ambrosia {unknown}
 h - a potion of haste {unknown}


   Skills:
 + Level 3.3 Fighting
 * Level 2.6 Long Blades
 + Level 3.0 Armour
 + Level 1.0 Dodging
 + Level 3.0 Shields


You had 2 spell levels left.
You didn't know any spells.
Your spell library was empty.

Dungeon Overview and Level Annotations

Branches:
Dungeon (3/15)

Altars:


Innate Abilities, Weirdness & Mutations

You are partially covered in razor-sharp scales. (AC +1, Slay +1)
A meltable shield of frost defends you. (SH +4)
Your skin changes colour to match your surroundings (Stealth+).
You have supernaturally acute eyesight. (SInv)
Armour fits poorly on your strangely shaped body.
You have an increased reservoir of magic. (+10% MP)


Message History

Something hits you. You block the orc's attack.
Unknown command.
There are monsters nearby!
You hit the orc.
You kill the orc!
You feel very sick. Something hits you.
You are more poisoned.
You block the orc's attack. x2; Something hits you but does no damage.
You are lethally poisoned!
You hit the orc.
You kill the orc!
You feel extremely sick. You block the orc's attack.
You block the rat's attack. Something hits you.
You are more poisoned.
The orc barely misses you.
Unknown command.
There is a lethal amount of poison in your body!
You are too injured to fight recklessly!
There is a lethal amount of poison in your body!
Unknown command.
You are too injured to fight recklessly!
There is a lethal amount of poison in your body!
Unknown command.
There is a lethal amount of poison in your body!
You are too injured to fight recklessly!
* * * LOW HITPOINT WARNING * * *
You feel very sick.
It was a potion of mutation.
You feel extremely strange.
Your body twists and deforms.
Your skin functions as natural camouflage.
You feel more energetic.
Your vision sharpens.
Reactivating autopickup.
* * * LOW HITPOINT WARNING * * *
You feel very sick. You block the rat's attack.
It was a potion of degeneration.
There was something very wrong with that liquid.
You feel weakened.
You feel dopey.
You feel clumsy.
You die...

#........#
#.######.# #.#
#.# #<# #.# #.#
#.# #.# #.#
#######.######.#
...............#
######@########
#r#
......)oo......
#######.######.
... ... >....
##.## #.#


You could see an orc wizard (invisible), an orc and a rat.

Vanquished Creatures
  An adder (D:2)
  A dart slug (D:2)
  2 orcs (D:3)
  3 endoplasms (D:1)
  3 giant cockroaches
  10 goblins
  6 hobgoblins
  2 jackals (D:1)
  2 kobolds
  3 ball pythons
  4 bats (D:1)
  5 frilled lizards
  3 rats
45 creatures vanquished.

Notes
Turn   | Place    | Note
-------+----------+-------------------------------------------
     0 | D:1      | Sin92 the Demonspawn Fighter began the quest for the Orb.
     0 | D:1      | Reached XP level 1. HP: 18/18 MP: 1/1
    81 | D:1      | Gained mutation: A meltable shield of frost defends you.
                  | (SH +4) [demonic ancestry]
    81 | D:1      | Reached XP level 2. HP: 10/24 MP: 2/2
   395 | D:1      | Found a faded altar of an unknown god.
   820 | D:1      | Gained mutation: You are partially covered in razor-sharp
                  | scales. (AC +1, Slay +1) [demonic ancestry]
   820 | D:1      | Reached XP level 3. HP: 29/29 MP: 3/3
  1628 | D:2      | Reached skill level 1 in Dodging
  1638 | D:2      | Identified a scroll of acquirement
  1639 | D:2      | Acquired an amulet of reflection
  1838 | D:3      | Gained mutation: Armour fits poorly on your strangely
                  | shaped body. [potion of mutation]
  1838 | D:3      | Gained mutation: Your skin changes colour to match your
                  | surroundings (Stealth+). [potion of mutation]
  1838 | D:3      | Gained mutation: You have an increased reservoir of magic.
                  | (+10% MP) [potion of mutation]
  1838 | D:3      | Gained mutation: You have supernaturally acute eyesight.
                  | (SInv) [potion of mutation]
  1838 | D:3      | HP: 1/29 [poisoned by an orc wizard]
  1839 | D:3      | Succumbed to an orc wizard's poison

Illustrated notes

Levels and vault maps discovered:
D:1:      tarquinn_simple_flora_water_a, layout_rooms, basic_ecumenical_altar
D:2:      layout_loops_ring, minmay_pentomino_o2
D:3:      layout_basic, nicolae_kikubaaqudgha_miasma_corner,
          ebering_ghost_sewer_f, kennysheep_generic_room_7

Skill      XL: |  1  2  3 |
---------------+----------+-----
Long Blades    | 2 |  2.6
Shields        | 3 |  3.0
Armour         | 3 |  3.0
Dodging        | 1 |  1.0
Fighting       | |  3.3

Action                   || total
-------------------------++-------
Melee: Long sword        ||   147
  Use: Scroll            ||     4
       Potion            ||     2
Armor: Scale mail        ||    79
Dodge: Dodged            ||    49
Block: Kite shield       ||   131
       Rpst.: Long sword ||    17

Table legend: (Time is in decaauts)
 A = Elapsed time spent in this place.
 B = Non-inter-level travel time spent in this place.
 C = Inter-level travel time spent in this place.
 D = Time resting spent in this place.
 E = Time spent auto-exploring this place.
 F = Levels seen in this place.
 G = Mean time per level.
                   A        B        C        D        E       F      G
               +--------+--------+--------+--------+--------+-----+--------+
         Total |   1917 |   1884 |     33 |    185 |   1333 |   3 |  639.0 |
       Dungeon |   1917 |   1884 |     33 |    185 |   1333 |   3 |  639.0 |
               +--------+--------+--------+--------+--------+-----+--------+

Top non-repeatable levels by time:
     D:1: 961 daAuts
     D:2: 920 daAuts
     D:3: 35 daAuts
